 Dungeon Crawl Stone Soup version 0.30-a0-748-ge6a52f7cba (webtiles) character file.

Game seed: 2943423089611257289

3661664 freelancePsychic the Intangible (level 27, 228/228 HPs)
             Began as a Djinni Fire Elementalist on Feb 8, 2023.
             Was the Champion of Ashenzari.
             Escaped with the Orb
             ... and 5 runes!
             The game lasted 01:38:03 (55873 turns).

freelancePsychic the Intangible (DjFE)             Turns: 55873, Time: 01:38:04

Health: 228/228    AC: 25    Str:  5    XL:     27
Gold:   5250       EV: 26    Int: 34    God:    Ashenzari [******] SH: 19 Dex: 17

rFire   + + .      SeeInvis +    b - staff of conjuration (curse) {Evo, Self}
rCold   . . .      Faith    .    W - +5 kite shield "Tethered Together" {Self, Melee} (curse)
rNeg    . . .      Spirit   .    m - +4 troll leather armour "Gnostic Trepidation" {Regen+, Evo, Self} (curse)
rPois   ∞          Reflect  .    e - +2 helmet "Lashed Adversity" {Int+3, Melee, Self} (curse)
rElec   +          Harm     .    J - +2 cloak "Urgency of Ashenzari" {Self, Evo} (curse)
rCorr   +          Rampage  .    i - +2 pair of gloves "Astral Soothsayer" {Self, Evo} (curse)
Will    ++...      Clarity  +    (boots unavailable)
Stlth   ++                       Y - amulet "At What Cost Knowledge?" {Regen+, Self, Fort} (curse)
HPRegen 2.18/turn                u - ring "Ruined With Me" {Wiz rC++, Self, Range} (curse)
MPRegen 0.00/turn                R - ring "Burden of Ashenzari" {rElec rCorr Int+3 Slay-5, Self, Evo} (curse)

@: flying, studying 2 skills
A: sickness immunity, fire resistance 2, cold vulnerability 2, float, innate
caster, HP casting, extra vitality 1, screaming 1, weak 1, subdued magic 1,
inability to read after injury 1
0: Orb of Zot
}: 5/15 runes: decaying, slimy, silver, abyssal, gossamer
a: Renounce Religion, Shatter the Chains


You escaped.
You worshipped Ashenzari.
Ashenzari was exalted by your worship.
You visited 11 branches of the dungeon, and saw 53 of its levels.
You visited the Abyss 1 time.
You visited 1 bazaar.
You also visited: Trove, Bailey, Gauntlet, Ice Cave and Wizlab.

You collected 7499 gold pieces.
You spent 2249 gold pieces at shops.

Inventory:

Missiles
 k - 11 curare-tipped darts
 y - 2 throwing nets
Armour
 e - the cursed +2 helmet "Lashed Adversity" (worn) {Int+3, Melee, Self}
   (You found it on level 2 of the Elven Halls)

   It has a curse which improves the following skills: Melee Combat: Short
   Blades, Long Blades, Axes, Maces & Flails, Polearms, Staves and Unarmed
   Combat.
   Introspection: Fighting and Spellcasting.
 i - the cursed +2 pair of gloves "Astral Soothsayer" (worn) {Self, Evo}
   (You found it on level 12 of the Dungeon)

   It has a curse which improves the following skills: Introspection: Fighting
   and Spellcasting.
   Evocations: Evocations.
 m - the cursed +4 troll leather armour "Gnostic Trepidation" (worn) {Regen+, Evo, Self}
   (You found it on level 14 of the Dungeon)

   Regen:     It increases your rate of health regeneration.
   It has a curse which improves the following skills: Evocations: Evocations.
   Introspection: Fighting and Spellcasting.
 J - the cursed +2 cloak "Urgency of Ashenzari" (worn) {Self, Evo}
   (You found it on level 8 of the Dungeon)

   It has a curse which improves the following skills: Introspection: Fighting
   and Spellcasting.
   Evocations: Evocations.
 W - the cursed +5 kite shield "Tethered Together" (worn) {Self, Melee}
   (You found it on level 4 of the Swamp)

   It has a curse which improves the following skills: Introspection: Fighting
   and Spellcasting.
   Melee Combat: Short Blades, Long Blades, Axes, Maces & Flails, Polearms,
   Staves and Unarmed Combat.
Magical Staves
 b - a cursed staff of conjuration (weapon) {Evo, Self}
 t - a staff of air
Jewellery
 r - a ring of protection from fire
 u - the cursed ring "Ruined With Me" (left hand) {Wiz rC++, Self, Range}
   (You bought it in a shop on level 2 of the Orcish Mines)

   [ring of wizardry]

   It improves your spell success rate.
   rC:        It greatly protects you from cold.
   It has a curse which improves the following skills: Introspection: Fighting
   and Spellcasting.
   Ranged Combat: Ranged Weapons and Throwing.
 P - an amulet of faith
 Q - a ring of protection from fire
 R - the cursed ring "Burden of Ashenzari" (right hand) {rElec rCorr Int+3 Slay-5, Self, Evo}
   (You found it on level 2 of the Lair of Beasts)

   [ring of resist corrosion]

   Int:       It affects your intelligence (+3).
   Slay:      It affects your accuracy & damage with ranged weapons and melee
   (-5).
   rElec:     It insulates you from electricity.
   rCorr:     It protects you from acid and corrosion.
   It has a curse which improves the following skills: Introspection: Fighting
   and Spellcasting.
   Evocations: Evocations.
 V - a ring of ice
 Y - the cursed amulet "At What Cost Knowledge?" (around neck) {Regen+, Self, Fort}
   (You bought it in a shop on level 2 of the Elven Halls)

   [amulet of regeneration]

   Regen:     It increases your rate of health regeneration.
   It has a curse which improves the following skills: Introspection: Fighting
   and Spellcasting.
   Fortitude: Armour and Shields.
 Z - a ring of protection from fire
Wands
 z - a wand of mindburst (38)
 A - a wand of charming (57)
 C - a wand of flame (32)
 D - a wand of polymorph (35)
 F - a wand of roots (32)
 K - a wand of digging (24)
 S - a wand of acid (30)
Scrolls
 a - 5 scrolls of immolation
 d - 13 scrolls of noise
 h - 10 scrolls of magic mapping
 j - 9 scrolls of fear
 n - 9 scrolls of vulnerability
 p - 12 scrolls of blinking
 q - 7 scrolls of enchant weapon
 E - 4 scrolls of enchant armour
 G - 4 scrolls of brand weapon
 H - 4 scrolls of silence
 L - 11 scrolls of teleportation {@r4}
 O - 7 scrolls of butterflies
 T - 8 scrolls of fog
 X - 6 scrolls of poison
Potions
 c - a potion of brilliance
 g - 10 potions of lignification
 l - 28 potions of curing {@q1}
 o - 2 potions of resistance
 s - 6 potions of cancellation
 v - 6 potions of ambrosia
 w - 8 potions of might
 x - 5 potions of invisibility
 B - 3 potions of magic
 I - 5 potions of berserk rage
 N - 12 potions of mutation
 U - 2 potions of haste {@q3}
Miscellaneous
 M - a condenser vane


   Skills:
 - Level 17.1(27) Fighting
 + Level 23.7(25.9) Armour
 O Level 27 Dodging
 - Level 9.6 Stealth
 - Level 13.7(16.3) Shields
 - Level 16.3(27) Spellcasting
 - Level 10.0(17.1) Evocations


You couldn't memorise any spells.
You knew the following spells:

 Your Spells              Type           Power      Damage    Failure   Level
a - Iron Shot             Conj/Erth      66%        9d12      0%          6
b - Enfeeble              Hex            54%        N/A       0%          7
c - Polar Vortex          Ice            54%        N/A       1%          9
d - Kindle Blastsparks    Fire/Tloc/Air  100%       2d18      0%          3
e - Arcjolt               Conj/Air       66%        1d76      0%          5
f - Sting                 Tmut/Pois      100%       1d8       0%          1
g - Passwall              Tmut/Erth      90%        N/A       0%          2
h - Ignition              Fire           54%        3d15      1%          8
i - Eringya's Noxious Bo  Tmut/Pois      54%        N/A       0%          6
j - Summon Mana Viper     Hex/Summ       100%       N/A       0%          5
k - Flame Wave            Conj/Fire      100%       2d21      0%          4
l - Searing Ray           Conj           100%       2d8       0%          2
m - Iskenderun's Mystic   Conj/Tloc      100%       2d19      0%          4
n - Death Channel         Necr           54%        N/A       0%          6
o - Summon Hydra          Summ           54%        N/A       0%          7
p - Scorch                Fire           100%       2d10      0%          2
q - Foxfire               Conj/Fire      100%       2x1d9     0%          1
r - Inner Flame           Hex/Fire       100%       N/A       0%          3
Your spell library was empty.

Dungeon Overview and Level Annotations

Branches:
Dungeon (15/15)            Temple (0/1) D:5            Lair (5/5) D:8
  Swamp (4/4) Lair:2       Spider (4/4) Lair:3        Slime (5/5) Lair:5
    Orc (2/2) D:9             Elf (3/3) Orc:2        Vaults (5/5) D:14
  Crypt (0/3) Vaults:2     Depths (4/4) D:15           Hell (visited)
    Zot (5/5) Depths:4     Bailey (visited)           IceCv (visited)
 WizLab (visited)         Gauntlet (visited)
    Dis: Hell:1         Geh: Hell:1         Coc: Hell:1         Tar: Hell:1

Altars:
Ashenzari
Cheibriados
Qazlal
Ru
Trog
Wu Jian
Xom
Yredelemnul
Jiyva

Shops:
Orc:2 *[=*(   Elf:2 :==   Depths:1 *   Depths:4 [=?

Portals:
Hell: Depths:1 Depths:2 Depths:3 Depths:4
Abyss: Vaults:1 Depths:1 Depths:2 Depths:3 Depths:4
Pandemonium: Depths:2 Depths:4
Ziggurat: Depths:3

Annotations:
Lair:4 2 transporters, exclusion: jelly, Peaff's ghost, journeyman VSEn
Swamp:2 1 runed translucent door, Fefob's ghost, adept TeWn
Swamp:3 2 transporters, exclusion: obsidian statue
Elf:2 3 runed translucent doors
Vaults:1 2 transporters, Qeunemit's ghost, adept GrFi
Zot:3 4 transporters


Innate Abilities, Weirdness & Mutations

You are immune to sickness and miasma.
You are immune to poison.
Your flesh is very heat resistant. (rF++)
You are very vulnerable to cold. (rC--)
You float through the air rather than walking.
You learn spells naturally, not from books.
Your magical power is your life essence.
You have superior vitality. (+4 MHP)
You occasionally shout uncontrollably at your foes.
You are weak. (Str -2)
Your spells are a little easier to cast, but a little less powerful.
You occasionally lose the ability to read scrolls when taking damage.


Message History

The daeva is severely wounded.
You kill the daeva!
Your life force feels restored.
The winds around you start to calm down.
There is a stone staircase leading up here.
Things that are here:
a +3 scimitar of holy wrath; a +0 tower shield You fly upwards.
There is a stone staircase leading down here.
(D) Dungeon (T) Temple (L) Lair (S) Swamp (N) Spider Nest (M) Slime Pits (O) Orcish Mines (E) Elven Halls (V) Vaults (C) Crypt (U) Depths (H) Hell (Z) Zot
Where to? (Enter - D:1 @ (x,y), ? - help)
The winds around you calm down.
There is a stone staircase leading up here.
You fly upwards.
There is a stone staircase leading down here.
HP restored.
You reach down and open the door.
There is an open door here.
There is a stone staircase leading up here.
You fly upwards.
There is a stone staircase leading down here.
There is an escape hatch in the ceiling here.
There is a stone staircase leading up here.
You fly upwards.
There is a stone staircase leading down here.
You see here the felid skeleton of Natasha.
You sense a monster nearby.
Unknown command.
(D) Dungeon (T) Temple (L) Lair (S) Swamp (N) Spider Nest (M) Slime Pits (O) Orcish Mines (E) Elven Halls (V) Vaults (C) Crypt (U) Depths (H) Hell (Z) Zot
Where to? (Enter - D:1 @ (x,y), ? - help)
There is a fountain of clear blue water here.
There is an open door here.
There is a staircase leading out of the dungeon here.
You have escaped!

#....##.#..#
†.##.##...##
.##..####.#########
.....####.........#
..#...............#
....######..#######
..########..########
....##[.##..##.....#
.##.##..##...'..@..#
.##.##..##..##.....#
.##.##..'...########
.÷..##..##..###########
....##..##............#
....##..##.⌠..........#
....######...########.#
....######...# #.#
.......##....########.##


There were no monsters in sight!

Vanquished Creatures
  the Royal Jelly (Slime:5)
  2 dread liches (Zot:5)
  8 orbs of fire
  An ancient lich (WizLab)
  the Lernaean hydra (Swamp:4)
  4 Killer Klowns
  A curse toe (Zot:5)
  Saint Roka (Vaults:3)
  Margery (Depths:3)
  5 caustic shrikes
  Geryon (Hell)
  11 golden dragons
  Jory (Vaults:2)
  the Enchantress (Depths:1)
  A profane servitor (Abyss:3)
  2 bone dragons (Depths:4)
  A Tzitzimitl (D:14)
  Arachne (Spider:2)
  2 electric golems (Zot:5)
  A Hell Sentinel (Zot:5)
  A hellephant (D:14)
  Jorgrun (Spider:3)
  A walking earthen tome (Depths:1)
  15 tentacled monstrosities
  9 acid blobs
  3 deep elf blademasters (Elf:3)
  2 deep elf master archers (Elf:3)
  26 Orb Guardians
  A walking frostbound tome (Depths:3)
  4 liches
  Murray (Depths:3)
  A sphinx (Depths:3)
  5 quicksilver dragons
  6 death cobs
  An ancient champion (WizLab)
  Gastronok (Lair:1)
  A thorn hunter (Swamp:3)
  Frances (Spider:2)
  5 tentacled starspawn (Abyss:3)
  7 shadow dragons
  2 tengu reavers
  19 storm dragons
  13 rockslimes
  2 daevas
  11 azure jellies
  8 frost giants
  4 draconian monks
  4 vault wardens
  7 deep elf sorcerers
  10 ghost moths
  5 draconian knights
  2 emperor scorpions
  5 draconian scorchers
  10 fire giants
  2 iron dragons
  3 angels (Depths:3)
  A balrug (Depths:2)
  4 draconian shifters
  A caustic shrike zombie (D:15)
  2 war gargoyles
  2 draconian stormcallers
  2 draconian annihilators
  5 deep elf elementalists (Elf:3)
  A juggernaut zombie (D:15)
  An orc warlord (Bailey)
  12 ironbound preservers
  9 quicksilver oozes
  3 spriggan defenders (Depths:1)
  3 broodmothers
  3 stone giants
  25 very ugly things
  4 ironbound thunderhulks
  14 purple draconians
  7 green draconians
  5 deep elf annihilators (Elf:3)
  4 deep elf demonologists
  A minotaur (shapeshifter) (Vaults:5)
  4 spark wasps
  10 red draconians
  5 eleionomae
  9 yellow draconians
  2 bunyips
  8 white draconians
  7 black draconians
  A minotaur (Gauntlet)
  13 dire elephants
  11 ettins
  3 deep elf death magi (Elf:3)
  2 blizzard demons
  Josephine (Orc:1)
  4 fire dragons
  2 shambling mangroves
  13 great orbs of eyes
  5 entropy weavers
  11 yaktaur captains
  Erolcha (D:9)
  5 deep elf high priests
  22 vault guards
  A peacekeeper (Vaults:2)
  19 hydras
  3 ice dragons
  5 spriggan air magi (Depths:1)
  Erica (D:9)
  6 jorogumos
  A catoblepas (D:13)
  An ogre mage (Vaults:5)
  13 centaur warriors
  A jorogumo (shapeshifter) (Elf:1)
  2 ghost crabs
  3 two-headed ogres
  2 radroaches (Spider:3)
  10 ironbound frosthearts
  8 boulder beetles
  23 dancing weapons
  6 alligators
  2 tengu warriors
  Urug (Lair:1)
  7 deep troll shamans
  4 orc high priests
  2 deep troll earth magi
  3 thrashing horrors (Abyss:3)
  10 hell knights
  A spriggan berserker (Depths:1)
  7 soul eaters
  A shock serpent (shapeshifter) (Depths:1)
  4 iron trolls
  7 deep elf knights
  11 sun demons
  3 wretched stars (Abyss:3)
  2 sun moths
  A shadow wraith (Vaults:5)
  Amaemon (Lair:3)
  6 skeletal warriors
  6 goliath frogs
  5 pharaoh ants
  40 deep trolls
  A death drake (Swamp:4)
  A storm dragon skeleton (D:15)
  2 glowing orange brains
  2 spriggan druids
  8 swamp dragons
  8 bog bodies
  3 deep elf archers
  10 orb spiders
  A flayed ghost (Depths:4)
  5 harpies (Vaults:1)
  A shadow dragon zombie (D:15)
  10 wizards
  Pikel (D:7)
  2 orange crystal statues (IceCv)
  A golden dragon skeleton (Depths:1)
  5 necromancers
  13 lindwurms
  6 starcursed masses (Abyss:3)
  17 ironbound convokers
  19 deep elf pyromancers
  10 steelbarb worms
  A frost giant zombie (Depths:1)
  22 wolf spiders
  7 phantasmal warriors
  7 orc knights
  An oklob plant (Lair:5)
  6 orc sorcerers
  43 ugly things
  19 deep elf zephyrmancers
  A human zombie (Vaults:4)
  7 cyclopes
  3 will-o-the-wisps
  3 shining eyes
  A worldbinder (Gauntlet)
  Maurice (Orc:2)
  A manticore (D:11)
  24 moths of wrath
  2 black mambas
  5 elephants (Lair:4)
  3 orange demons
  A rust devil (Hell)
  A frost giant skeleton (Vaults:4)
  A stone giant skeleton (Depths:1)
  18 cane toads
  An eye of devastation (shapeshifter) (Vaults:4)
  11 demonic crawlers
  4 smoke demons
  An eye of devastation (Slime:5)
  14 vault sentinels
  7 torpor snails
  2 gargoyles
  A hellion (Depths:1)
  An unseen horror (D:11)
  2 rime drakes
  2 ice devils
  28 yaktaurs
  2 tormentors (Abyss:3)
  7 komodo dragons
  3 freezing wraiths
  An efreet (D:10)
  A tengu conjurer (Depths:1)
  2 hellwings (Abyss:3)
  5 meliai
  9 trolls
  A yaktaur skeleton (Vaults:4)
  A guardian mummy (D:15)
  5 polar bears
  A polar bear (shapeshifter) (Abyss:3)
  15 hornets
  2 bloated husks
  7 tyrant leeches
  26 tarantellas
  20 blink frogs
  A raiju (Abyss:3)
  A slime creature (shapeshifter) (Vaults:5)
  12 dream sheep
  A dream sheep (shapeshifter) (Vaults:2)
  32 jumping spiders
  An ettin skeleton (Vaults:4)
  5 air elementals
  116 slime creatures
  6 water elementals
  17 culicivoras
  7 vampires
  A shadow (D:10)
  3 fire bats (Depths:1)
  A ynoxinul (Abyss:3)
  8 wraiths
  A wyvern (D:11)
  5 humans (D:8)
  2 fire elementals
  A neqoxec (Depths:2)
  12 spriggans
  Grum (D:8)
  3 basilisks
  44 yaks
  4 chaos spawn
  A steam dragon (D:7)
  48 redbacks
  25 vampire mosquitoes
  A two-headed ogre zombie (WizLab)
  4 wargs
  3 acid dragons
  20 swamp worms
  6 large abominations (Abyss:3)
  20 water moccasins
  8 black bears
  5 swamp drakes
  A small abomination (Abyss:3)
  33 orc warriors
  5 ice beasts
  2 great orb of eyes simulacra (IceCv)
  6 ogres
  17 centaurs
  7 boggarts
  9 wolves
  3 slime creature simulacra (IceCv)
  A lemure (D:7)
  2 earth elementals
  23 bullfrogs
  A necrophage (D:4)
  2 scorpions (D:5)
  4 glowing shapeshifter simulacra (IceCv)
  12 wights
  6 troll zombies (WizLab)
  20 killer bees
  2 electric eels
  9 howler monkeys
  31 orc priests
  3 hounds
  3 jellies
  3 gnoll boudas
  An iron imp (Abyss:3)
  12 human skeletons (Vaults:3)
  4 iguanas
  Natasha (D:1)
  2 hell rats (Lair:5)
  19 orc wizards
  8 ogre zombies (WizLab)
  19 gnolls
  6 river rats (Lair:5)
  5 adders
  A shadow imp (D:6)
  6 white imps
  An ufetubus (D:4)
  2 worms
  3 dart slugs
  103 orcs
  7 bats
  6 endoplasms
  6 giant cockroaches
  15 goblins
  11 hobgoblins
  8 jackals
  7 quokkas
  8 ball pythons
  3 frilled lizards
  19 kobolds
  5 rats
  15 briar patches (Swamp:3)
  A fire vortex (Depths:1)
  4 starspawn tentacles (Abyss:3)
2148 creatures vanquished.

Vanquished Creatures (others)
  A fire giant (Depths:4)
  311 foxfires
  35 fungi
  92 plants
  9 starspawn tentacles (Abyss:3)
  10 withered plants (D:15)
458 creatures vanquished.

Grand Total: 2606 creatures vanquished

Notes
Turn   | Place    | Note
-------+----------+-------------------------------------------
     0 | D:1      | freelancePsychic the Djinni Fire Elementalist began the
                  | quest for the Orb.
     0 | D:1      | freelancePsychic set off with the following spells
                  | memorised: Foxfire, Scorch, Kindle Blastsparks, Inner
                  | Flame, Flame Wave.
     0 | D:1      | Reached XP level 1. HP: 15/15 MP: 0/0
    59 | D:1      | Reached XP level 2. HP: 13/22 MP: 0/0
   264 | D:1      | Reached XP level 3. HP: 17/26 MP: 0/0
   264 | D:1      | Learned a level 1 spell: Sting
   312 | D:1      | Reached skill level 1 in Fighting
   772 | D:1      | Reached XP level 4. HP: 20/32 MP: 0/0
   856 | D:2      | Noticed Natasha
   870 | D:1      | Killed Natasha
  1234 | D:2      | Reached XP level 5. HP: 36/38 MP: 0/0
  1234 | D:2      | Learned a level 2 spell: Searing Ray
  1287 | D:2      | You are sucked into a shaft and drop 1 floor!
  2602 | D:4      | Reached XP level 6. HP: 36/45 MP: 0/0
  2765 | D:4      | Noticed a black bear
  2771 | D:4      | Killed a black bear
  2772 | D:4      | Reached skill level 1 in Shields
  2772 | D:4      | Reached XP level 7. HP: 39/50 MP: 0/0
  2772 | D:4      | Learned a level 2 spell: Passwall
  3070 | D:4      | Found a broken altar of Ashenzari.
  3728 | D:4      | Became a worshipper of Ashenzari the Shackled
  3848 | D:5      | Entered Level 5 of the Dungeon
  3934 | D:5      | Reached XP level 8. HP: 46/58 MP: 0/0
  4093 | D:5      | Upgraded the game from 0.30-a0-743-gbfdf073431 to
                  | 0.30-a0-748-ge6a52f7cba
  4173 | D:5      | Found a staircase to the Ecumenical Temple.
  4203 | D:5      | Found a snail-covered altar of Cheibriados.
  4337 | D:5      | Reached skill level 5 in Fighting
  4472 | D:5      | Reached skill level 5 in Spellcasting
  4840 | D:6      | Reached XP level 9. HP: 64/66 MP: 0/0
  4840 | D:6      | Learned a level 4 spell: Iskenderun's Mystic Blast
  4924 | D:6      | Identified the +9 dagger "Lepp" {flame, rC+ Str+5 Dex-3
                  | Stlth+}
  5303 | D:6      | Reached * piety under Ashenzari
  5362 | D:6      | Found a stormy altar of Qazlal.
  5372 | D:6      | Found an ornate altar of the Wu Jian Council.
  5749 | D:6      | Identified the Vellum of Fetching Firn
  6322 | D:7      | Reached ** piety under Ashenzari
  6868 | D:7      | Noticed Pikel
  6879 | D:7      | Killed Pikel
  6880 | D:7      | Reached XP level 10. HP: 31/78 MP: 0/0
  7268 | D:8      | Reached *** piety under Ashenzari
  7574 | D:8      | Noticed a rime drake
  7584 | D:8      | Killed a rime drake
  7782 | D:8      | Noticed Grum
  7793 | D:8      | Killed Grum
  7854 | D:8      | Found a staircase to the Lair.
  8082 | D:8      | Reached skill level 10 in Fighting
  8347 | D:8      | Reached XP level 11. HP: 79/90 MP: 0/0
  8347 | D:8      | Learned a level 5 spell: Summon Mana Viper
  8504 | D:9      | Noticed Erolcha
  8514 | D:9      | Killed Erolcha
  8525 | D:9      | Found a flagged portal.
  8676 | Bailey   | Entered a bailey
  8715 | Bailey   | Identified a scroll of acquirement
  8718 | Bailey   | Noticed an orc warlord
  9005 | Bailey   | Found a runed translucent gate.
  9008 | Bailey   | Found a runed translucent gate.
  9028 | Bailey   | Noticed an orc knight
  9043 | Bailey   | Killed an orc knight
  9319 | Bailey   | Found a runed translucent gate.
  9419 | Bailey   | Killed an orc warlord
  9506 | Bailey   | Acquired 450 gold pieces
  9915 | D:9      | Noticed Erica
  9922 | D:9      | Killed Erica
 10050 | D:9      | Noticed a two-headed ogre
 10053 | D:9      | Killed a two-headed ogre
 10054 | D:9      | Reached skill level 3 in Dodging
 10478 | D:9      | Found a staircase to the Orcish Mines.
 10659 | D:10     | Entered Level 10 of the Dungeon
 10680 | D:10     | Reached XP level 12. HP: 97/101 MP: 0/0
 10806 | D:10     | Identified the +2 chain mail of Bucir {rC+ rCorr}
 11016 | D:10     | Reached skill level 4 in Dodging
 11935 | D:11     | Noticed a two-headed ogre
 11945 | D:11     | Killed a two-headed ogre
 11946 | D:11     | Reached skill level 10 in Spellcasting
 12124 | D:11     | Noticed a boulder beetle
 12181 | Lair:1   | Entered Level 1 of the Lair of Beasts
 12240 | Lair:1   | Reached skill level 5 in Dodging
 12269 | Lair:1   | Noticed Gastronok
 12330 | Lair:1   | Killed Gastronok
 12587 | Lair:1   | Reached skill level 6 in Dodging
 12773 | Lair:1   | Identified the +2 ring mail of the Pleiades {Harm}
 12939 | Lair:1   | Noticed Urug
 12966 | Lair:1   | Killed Urug
 13270 | Lair:2   | Noticed a six-headed hydra
 13270 | Lair:2   | Found a staircase to the Swamp.
 13281 | Lair:2   | Killed a six-headed hydra
 13303 | Lair:2   | Reached skill level 7 in Dodging
 13643 | Lair:2   | Identified the ring "Paless" {rElec rCorr Int+3 Slay-5}
 13645 | Lair:2   | Found an ornate altar of the Wu Jian Council.
 13832 | Lair:2   | Noticed a four-headed hydra
 13839 | Lair:2   | Killed a four-headed hydra
 13840 | Lair:2   | Reached XP level 13. HP: 83/108 MP: 0/0
 13840 | Lair:2   | Learned a level 5 spell: Arcjolt
 14580 | Lair:2   | Reached **** piety under Ashenzari
 14840 | Lair:3   | Reached skill level 8 in Dodging
 14868 | Lair:3   | Identified the +1 shortbow of Yllemoit {speed, +Blink
                  | rElec}
 14904 | Lair:3   | Found a hole to the Spider Nest.
 15318 | Lair:3   | Found a runed translucent door.
 15369 | Lair:3   | Noticed a five-headed hydra
 15379 | Lair:3   | Killed a five-headed hydra
 15760 | Lair:3   | Noticed Amaemon
 15771 | Lair:3   | Killed Amaemon
 16110 | Lair:4   | Noticed Peaff's ghost (journeyman VSEn)
 16133 | Lair:4   | Found a bloodstained altar of Trog.
 16140 | Lair:4   | Found a transporter.
 16144 | Lair:4   | Found a transporter.
 16173 | Lair:4   | Reached skill level 9 in Dodging
 17165 | Lair:4   | Noticed a quicksilver ooze
 17492 | Lair:5   | Entered Level 5 of the Lair of Beasts
 17501 | Lair:5   | Reached skill level 10 in Dodging
 17501 | Lair:5   | Reached XP level 14. HP: 79/119 MP: 0/0
 18732 | Lair:5   | Reached skill level 11 in Dodging
 18738 | Lair:5   | Reached skill level 15 in Fighting
 19306 | Lair:5   | Found the ring of Shadows {Umbra +Inv Stlth+}
 20865 | D:11     | Reached ***** piety under Ashenzari
 21547 | D:11     | Reached skill level 12 in Dodging
 21803 | D:12     | Reached XP level 15. HP: 105/129 MP: 0/0
 21803 | D:12     | Learned a level 6 spell: Iron Shot
 22190 | D:12     | Found the +4 robe of Augmentation {Str+4 Int+4 Dex+4}
 24168 | D:14     | Found a gate to the Vaults.
 24174 | D:14     | Reached skill level 13 in Dodging
 25547 | D:15     | Entered Level 15 of the Dungeon
 25797 | D:15     | Found a staircase to the Depths.
 26164 | Orc:1    | Entered Level 1 of the Orcish Mines
 26164 | Orc:1    | Noticed Josephine
 26172 | Orc:1    | Killed Josephine
 26173 | Orc:1    | Reached XP level 16. HP: 100/141 MP: 0/0
 26462 | Orc:2    | Entered Level 2 of the Orcish Mines
 26482 | Orc:2    | Found a staircase to the Elven Halls.
 26549 | Orc:2    | Found Ydghep's Antique Weapon Shoppe.
 26592 | Orc:2    | Found a gate leading to a gauntlet.
 26601 | Gauntlet | Entered a Gauntlet
 26601 | Gauntlet | Found a transporter.
 26610 | Gauntlet | Found a transporter.
 26613 | Gauntlet | Found a transporter.
 26614 | Gauntlet | Found a transporter.
 26622 | Gauntlet | Found a transporter.
 26625 | Gauntlet | Found a transporter.
 26626 | Gauntlet | Found a transporter.
 26635 | Gauntlet | Found a transporter.
 26638 | Gauntlet | Found a transporter.
 26639 | Gauntlet | Found a transporter.
 26647 | Gauntlet | Found a transporter.
 26650 | Gauntlet | Found a transporter.
 26651 | Gauntlet | Found a transporter.
 26659 | Gauntlet | Found a transporter.
 26835 | Gauntlet | Identified the Exposition on Conflagration and the Jinx
 26969 | Orc:2    | Noticed Maurice
 26972 | Orc:2    | Killed Maurice
 27001 | Orc:2    | Reached skill level 14 in Dodging
 27639 | Orc:2    | Found Ameixo Sixt's Assorted Antiques.
 27639 | Orc:2    | Found Ushrenum's General Store.
 27641 | Orc:2    | Found Tararoiq's Antique Armour Shoppe.
 27641 | Orc:2    | Found Vuahuryiti's Jewellery Boutique.
 27647 | Orc:2    | Bought a potion of cancellation for 232 gold pieces
 27650 | Orc:2    | Bought the ring of Waecynaf {Wiz rC++} for 763 gold pieces
 27764 | Orc:2    | Bought a potion of curing for 87 gold pieces
 28153 | Spider:1 | Entered Level 1 of the Spider Nest
 28158 | Spider:1 | Reached skill level 1 in Armour
 28436 | Spider:1 | Noticed an emperor scorpion
 28444 | Spider:1 | Killed an emperor scorpion
 29012 | Spider:1 | Reached skill level 5 in Armour
 29849 | Spider:2 | Noticed Arachne
 29860 | Spider:2 | Killed Arachne
 29950 | Spider:2 | Noticed Frances
 29955 | Spider:2 | Killed Frances
 29988 | Spider:2 | Reached XP level 17. HP: 144/153 MP: 0/0
 29988 | Spider:2 | Learned a level 6 spell: Eringya's Noxious Bog
 30345 | Spider:2 | Reached skill level 5 in Stealth
 30392 | Spider:2 | Reached ****** piety under Ashenzari
 31387 | Spider:3 | Noticed Jorgrun
 31390 | Spider:3 | Killed Jorgrun
 31938 | Spider:4 | Entered Level 4 of the Spider Nest
 32485 | Spider:4 | Reached skill level 10 in Armour
 32554 | Spider:4 | Reached XP level 18. HP: 129/160 MP: 0/0
 33159 | Spider:4 | Got a gossamer rune of Zot
 33360 | Swamp:1  | Entered Level 1 of the Swamp
 33478 | Swamp:1  | Found a frozen archway.
 33483 | IceCv    | Entered an ice cave
 33687 | IceCv    | Found a viscous altar of Jiyva.
 33735 | IceCv    | Identified the ring "Oniberr" {rPois rF+ rC+ rN+ Int-3}
 34860 | Swamp:2  | Found a runed translucent door.
 34861 | Swamp:2  | Found a shimmering altar of Xom.
 34865 | Swamp:2  | Noticed Fefob's ghost (adept TeWn)
 35113 | Swamp:3  | Reached XP level 19. HP: 169/174 MP: 0/0
 35113 | Swamp:3  | Learned a level 6 spell: Death Channel
 35114 | Swamp:3  | Found a transporter.
 35114 | Swamp:3  | Identified the +9 sling "Xeatemul" {heavy, rC+ Int+3 Dex+3
                  | Stlth-}
 35127 | Swamp:3  | Noticed a tentacled monstrosity
 35131 | Swamp:3  | Noticed a tentacled monstrosity
 35132 | Swamp:3  | Noticed a tentacled monstrosity
 35134 | Swamp:3  | Found a transporter.
 35498 | Swamp:4  | Entered Level 4 of the Swamp
 35725 | Swamp:4  | Reached skill level 15 in Armour
 35850 | Swamp:4  | Noticed the 27-headed Lernaean hydra
 35864 | Swamp:4  | Killed the 27-headed Lernaean hydra
 36013 | Swamp:4  | Got a decaying rune of Zot
 36461 | Elf:1    | Entered Level 1 of the Elven Halls
 36801 | Elf:1    | Reached skill level 5 in Shields
 37292 | Elf:2    | Identified the Guide on Production
 37293 | Elf:2    | Noticed an Ice Fiend
 37525 | Elf:2    | Found Nown's Jewellery Shop.
 37526 | Elf:2    | Found Fatefu Jerch's Book Shoppe.
 37527 | Elf:2    | Found Feedew's Jewellery Shop.
 37537 | Elf:2    | Bought an amulet of regeneration for 450 gold pieces
 37614 | Elf:2    | Found a runed translucent gate.
 37614 | Elf:2    | Found a runed translucent gate.
 37614 | Elf:2    | Found a runed translucent gate.
 37616 | Elf:2    | Reached XP level 20. HP: 136/175 MP: 0/0
 37662 | Elf:2    | Reached skill level 15 in Dodging
 38011 | Elf:3    | Entered Level 3 of the Elven Halls
 38168 | Elf:3    | Identified the +7 sling of Tartarus {freeze, rPois rN+++
                  | Str-5 Dex-4}
 38195 | Elf:3    | Identified the +3 halberd of the Undead {elec, rF+++ rN++
                  | Dex-4 SInv}
 38257 | Elf:3    | Identified the +3 war axe "Beetleslayer" {protect, rPois
                  | Will+ Int+3 Dex+2}
 38314 | Elf:3    | Reached skill level 10 in Shields
 39181 | Vaults:1 | Entered Level 1 of the Vaults
 39274 | Vaults:1 | Reached skill level 16 in Dodging
 39644 | Vaults:1 | Reached XP level 21. HP: 158/187 MP: 0/0
 39644 | Vaults:1 | Learned a level 7 spell: Summon Hydra
 39991 | Vaults:1 | Identified the amulet "Okyatomipp" {Acrobat Str+4}
 39992 | Vaults:1 | Found a transporter.
 39997 | Vaults:1 | Found a transporter.
 40029 | Vaults:1 | Found a one-way gate to the infinite horrors of the Abyss.
 40029 | Vaults:1 | Noticed Qeunemit's ghost (adept GrFi)
 40123 | Vaults:1 | Reached skill level 1 in Evocations
 41164 | Vaults:2 | Reached skill level 17 in Dodging
 41259 | Vaults:2 | Found a staircase to the Crypt.
 41380 | Vaults:2 | Noticed Jory
 41389 | Vaults:2 | Killed Jory
 42101 | Vaults:3 | Reached skill level 5 in Evocations
 42101 | Vaults:3 | Reached XP level 22. HP: 168/191 MP: 0/0
 42274 | Vaults:3 | Noticed Saint Roka
 42283 | Vaults:3 | Killed Saint Roka
 43266 | Vaults:4 | Reached skill level 18 in Dodging
 43647 | Abyss:3  | Cast into level 3 of the Abyss (a deep elf sorcerer)
 43651 | Abyss:3  | Found a corrupted altar of Lugonu.
 43655 | Abyss:3  | Found a corrupted altar of Lugonu.
 43744 | Abyss:3  | Noticed a bone dragon
 43784 | Abyss:3  | Found a corrupted altar of Lugonu.
 43807 | Abyss:3  | Noticed a profane servitor
 43812 | Abyss:3  | Killed a profane servitor
 43848 | Abyss:3  | Got an abyssal rune of Zot
 44135 | Vaults:4 | Escaped the Abyss
 44508 | Vaults:4 | Reached XP level 23. HP: 189/201 MP: 0/0
 44508 | Vaults:4 | Learned a level 7 spell: Enfeeble
 44711 | Vaults:5 | Entered Level 5 of the Vaults
 44823 | Vaults:5 | Reached skill level 19 in Dodging
 44828 | Vaults:5 | Identified the ring of Juciubin {Will+ Dex+2}
 45023 | Vaults:5 | Identified Puoguing's Verses on Peregrination
 45025 | Vaults:5 | Identified the Vademecum on Geology and Calefaction
 45087 | Vaults:5 | Reached skill level 10 in Evocations
 45127 | Vaults:5 | Got a silver rune of Zot
 45163 | Vaults:5 | Noticed a dread lich
 45686 | Lair:5   | Found a staircase to the Slime Pits.
 45697 | Slime:1  | Entered Level 1 of the Pits of Slime
 45855 | Slime:5  | Entered Level 5 of the Pits of Slime
 45943 | Slime:5  | Identified the ring of Liylih {*Corrode rPois rC+ rN+
                  | Int+4}
 45945 | Slime:5  | Found a viscous altar of Jiyva.
 45946 | Slime:5  | Noticed the Royal Jelly
 45967 | Slime:5  | Killed the Royal Jelly
 45986 | Slime:5  | Reached XP level 24. HP: 122/208 MP: 0/0
 46013 | Slime:5  | Reached skill level 20 in Dodging
 46071 | Slime:5  | Identified the +9 spear of Ignis's Respect {freeze, rN+
                  | Will+ Int+4}
 46073 | Slime:5  | Identified the +7 acid dragon scales of the Other Side {rC+
                  | rCorr Slay+3}
 46077 | Slime:5  | Got a slimy rune of Zot
 46868 | Depths:1 | Entered Level 1 of the Depths
 46868 | Depths:1 | Found a basalt altar of Yredelemnul.
 47011 | Depths:1 | Reached skill level 15 in Spellcasting
 47039 | Depths:1 | Found a gateway to Hell.
 47220 | Depths:1 | Noticed the Enchantress
 47225 | Depths:1 | Noticed a caustic shrike
 47231 | Depths:1 | Killed a caustic shrike
 47232 | Depths:1 | Killed the Enchantress
 47774 | Depths:1 | Found Xogh's Assorted Antiques.
 47783 | Depths:1 | Bought a scroll of blinking for 262 gold pieces
 47783 | Depths:1 | Bought 2 potions of heal wounds for 350 gold pieces
 47783 | Depths:1 | Bought a scroll of teleportation for 105 gold pieces
 47900 | Depths:1 | Identified the +8 chain mail of the Hippo {+Inv rC+}
 48301 | Depths:2 | Found a one-way gate leading to the halls of Pandemonium.
 49080 | Depths:3 | Found a one-way gateway to a ziggurat.
 49110 | Depths:3 | Reached skill level 21 in Dodging
 49204 | Depths:3 | Found a portal to a secret trove of treasure.
 49216 | Depths:3 | You showed the slimy rune of Zot to enter a treasure trove
 49217 | Trove    | Entered a treasure trove
 49219 | Trove    | Identified the +1 leather armour of Jiosabem {+Blink rPois
                  | rN++ Int-3}
 49219 | Trove    | Identified the +0 hat of Resilience {Rampage rPois Int-3
                  | Dex+8}
 49219 | Trove    | Identified the +3 kite shield of Bad Feelings {rN+ Will-
                  | Dex+4}
 49219 | Trove    | Identified the -1 kite shield of Tegewkeq {*Corrode rPois
                  | Will+ SInv}
 49219 | Trove    | Identified the +0 plate armour of Suele {*Slow rElec Int+2}
 49220 | Trove    | Identified the +0 hat of Fantobef {Drain rN++ Dex+4}
 49220 | Trove    | Identified the +2 pair of gloves "Daifoirph" {Stlth+}
 49312 | Depths:3 | Found a magical portal.
 49321 | WizLab   | Entered Zonguldrok's Shrine
 49461 | WizLab   | Reached XP level 25. HP: 183/214 MP: 0/0
 49461 | WizLab   | Learned a level 8 spell: Ignition
 49524 | WizLab   | Noticed an antique lich
 49527 | WizLab   | Killed an antique lich
 49534 | WizLab   | Found the +9 sword of Zonguldrok {reap}
 49548 | WizLab   | Acquired a manual of Shields
 49631 | Depths:3 | Found a sacrificial altar of Ru.
 49794 | Hell     | Entered the Vestibule of Hell
 49798 | Hell     | Noticed Geryon
 49804 | Hell     | Noticed Murray
 49809 | Hell     | Killed Geryon
 49817 | Depths:3 | Killed Murray
 49818 | Depths:3 | Reached skill level 22 in Dodging
 50035 | Depths:3 | Noticed Margery
 50044 | Depths:3 | Killed Margery
 50331 | Depths:3 | Identified the ring of Fuwoicea {rF+ Will+ rCorr Int+3
                  | Dex+2}
 50346 | Depths:3 | HP: 7/214 [living spell/iceblast[a walking frostbound tome]
                  | (31)]
 50588 | Depths:4 | Entered Level 4 of the Depths
 50588 | Depths:4 | Found Tobij's Antique Armour Shoppe.
 50630 | Depths:4 | Found a flickering gateway to a bazaar.
 50635 | Bazaar   | Entered a bazaar
 50635 | Bazaar   | Found Tyqest's Antique Weapon Boutique.
 50635 | Bazaar   | Found Ixok Lil's Antique Armour Shop.
 50635 | Bazaar   | Found Havaq's Armour Shop.
 50717 | Depths:4 | Noticed a caustic shrike
 50717 | Depths:4 | Noticed a caustic shrike
 50719 | Depths:4 | Noticed a caustic shrike
 50721 | Depths:4 | Noticed a caustic shrike
 50723 | Depths:4 | Killed a caustic shrike
 50723 | Depths:4 | Killed a caustic shrike
 50724 | Depths:4 | Reached skill level 23 in Dodging
 50725 | Depths:4 | Killed a caustic shrike
 50727 | Depths:4 | Killed a caustic shrike
 50831 | Depths:4 | Found Ikaimp's Jewellery Emporium.
 50840 | Depths:4 | Found Jesyugad's Magic Scroll Shop.
 51001 | Depths:4 | Found a gate to the Realm of Zot.
 51338 | Zot:1    | Entered Level 1 of the Realm of Zot
 51342 | Zot:1    | Noticed a Killer Klown
 51343 | Zot:1    | Noticed a Killer Klown
 51344 | Zot:1    | Reached skill level 24 in Dodging
 51471 | Depths:4 | Killed a Killer Klown
 51471 | Depths:4 | Killed a Killer Klown
 51472 | Depths:4 | Reached XP level 26. HP: 205/221 MP: 0/0
 51648 | Zot:1    | Identified the +0 scale mail of the Blind Marksman {Str+2}
 51721 | Zot:1    | Reached skill level 25 in Dodging
 52858 | Zot:2    | Reached skill level 26 in Dodging
 52960 | Zot:2    | Noticed an orb of fire
 52969 | Zot:2    | Killed an orb of fire
 53437 | Zot:3    | Found a transporter.
 53437 | Zot:3    | Found a transporter.
 53441 | Zot:3    | Found a transporter.
 53572 | Zot:3    | Reached skill level 27 in Dodging
 53741 | Zot:3    | Found a transporter.
 54409 | Zot:4    | Identified the +8 battleaxe of Death's Door {heavy, rF+
                  | Str+4 Stlth-}
 54512 | Zot:4    | Reached XP level 27. HP: 174/228 MP: 0/0
 54512 | Zot:4    | Learned a level 9 spell: Polar Vortex
 54569 | Zot:5    | Entered Level 5 of the Realm of Zot
 54607 | Zot:5    | Found a shimmering altar of Xom.
 55192 | Zot:5    | Noticed a dread lich
 55200 | Zot:5    | Killed a dread lich
 55202 | Zot:5    | Noticed a dread lich
 55207 | Zot:5    | Killed a dread lich
 55219 | Zot:5    | Noticed an orb of fire
 55220 | Zot:5    | Gained mutation: You occasionally shout uncontrollably at
                  | your foes. [an orb of fire]
 55221 | Zot:5    | Killed an orb of fire
 55222 | Zot:5    | Noticed an orb of fire
 55223 | Zot:5    | Noticed a Killer Klown
 55224 | Zot:5    | Gained mutation: Your spells are a little easier to cast,
                  | but a little less powerful. [an orb of fire]
 55229 | Zot:5    | Killed an orb of fire
 55229 | Zot:5    | Noticed an orb of fire
 55235 | Zot:5    | Killed a Killer Klown
 55235 | Zot:5    | Noticed an orb of fire
 55238 | Zot:5    | Killed an orb of fire
 55238 | Zot:5    | Gained mutation: You are very vulnerable to cold. (rC--)
                  | [an orb of fire]
 55239 | Zot:5    | Gained mutation: You are weak. (Str -2) [an orb of fire]
 55240 | Zot:5    | Killed an orb of fire
 55248 | Zot:5    | Noticed an orb of fire
 55251 | Zot:5    | Gained mutation: You occasionally lose the ability to read
                  | scrolls when taking damage. [an orb of fire]
 55253 | Zot:5    | Noticed a Killer Klown
 55254 | Zot:5    | Killed an orb of fire
 55261 | Zot:5    | Killed a Killer Klown
 55279 | Zot:5    | Noticed an orb of fire
 55290 | Zot:5    | Killed an orb of fire
 55294 | Zot:5    | Noticed an orb of fire
 55296 | Zot:5    | Got the Orb of Zot
 55299 | Zot:5    | Killed an orb of fire
 55873 | D:$      | Escaped with the Orb!

Illustrated notes

Levels and vault maps discovered:
D:1:      dpeg_arrival_rooms_a, layout_rooms, st_stairs_9,
          nicolae_figureground_pulse
D:2:      layout_rooms, uniq_natasha
D:3:      layout_loops_corners
D:4:      layout_basic, nicolae_ashenzari_panopticon
D:5:      layout_basic, chei_slow_surprise, minmay_temple_entry_tees,
          serial_rivers, chequers_serial_rivers_micro_b,
          chequers_serial_rivers_large_a, chequers_serial_rivers_small_a,
          chequers_serial_rivers_small_a
D:6:      layout_basic, minmay_overflow_temple_star_quad
D:7:      layout_cave_pools, kennysheep_path_1, uniq_pikel
D:8:      layout_basic, hellmonk_lair_entry_icy, minmay_ruffians, uniq_grum
D:9:      layout_rooms, erik_orc_4, enter_bailey_5, uniq_erolcha, uniq_erica
D:10:     layout_cave_pods
D:11:     layout_loops_corners, kennysheep_dice
D:12:     layout_loops_ring
D:13:     layout_loops_cross, special_room [special_room_orc]
D:14:     layout_loops_corners, lightli_vaults_fourway_checkpoint,
          kennysheep_minor_cross, serial_glass, glass_columns_c,
          glass_columns_a, glass_columns_c, glass_columns_b, glass_columns_b,
          glass_columns_b, glass_columns_b, glass_columns_b,
          palyth_stone_intersect
D:15:     gammafunk_depths_entry_grave, layout_grid_maze, chequers_big_river
Lair:1:   layout_hall_layers, beast_lair_carwin_5, lemuel_fruit_tree, uniq_urug,
          uniq_gastronok
Lair:2:   layout_cave_pods, minmay_swamp_entry_reptiles, basic_altar,
          infiniplex_staircase_pool_2
Lair:3:   dreamdust_labyrinth, layout_gridlike, spider_nest_entry_web_field,
          beast_lair_carwin_6, uniq_amaemon
Lair:4:   layout_hall_layers, gammafunk_ghost_wrathful_warriors,
          nicolae_lair_time_for_slime
Lair:5:   minmay_lair_end_frog_pond, layout_layer_cave,
          minmay_slime_entry_oklob_enclosed, kennysheep_rathole
Swamp:1:  layout_basic_swamp, portal_ice_cave_entry_pillars_three,
          nicolae_swamp_trees_clearing
Swamp:2:  layout_basic_swamp, ebering_ghost_xom, serial_swamp_ruin,
          evilmike_swamp_ruin_rubble_2, evilmike_swamp_ruin_wall,
          hangedman_swamp_ruin_wall
Swamp:3:  gammafunk_sealed_arena, layout_falls_marsh, nicolae_swamp_stair_fork
Swamp:4:  swamp_basic_johnstein, layout_basic_swamp, swamp_pool4,
          nicolae_swamp_tree_designs
Spider:1: layout_chambers
Spider:2: layout_cave_pods, uniq_arachne, uniq_frances
Spider:3: layout_chambers, uniq_jorgrun
Spider:4: grunt_spider_rune_island, drop_trap
Slime:1:  layout_caves
Slime:2:  layout_caves
Slime:3:  layout_caves
Slime:4:  layout_caves, nicolae_slime_barrier
Slime:5
Orc:1:    layout_caves, uniq_josephine
Orc:2:    grunt_orc_tribal_feast, layout_caves, serial_shops,
          nicolae_shop_hallway_plus, gauntlet_entry_generic, uniq_maurice
Elf:1:    layout_loops_corners, hangedman_elven_crosses_minicolossus
Elf:2:    elven_hall_of_blades_hangedman_original [nicolae_blade_lattice],
          layout_onion_city, minmay_elf_demonology, minmay_shop_grove
Elf:3:    minmay_elf_hall_statues, layout_onion_city
Vaults:1: gammafunk_ghost_abyssal_escape, hangedman_vaults_restitches,
          v_misc_33, v_misc_1, ontoclasm_vaults_bender, vaults_dpeg_diagonal,
          vaults_mumra_minichess, nicolae_vaults_angled_halls,
          nicolae_vaults_alarming, ontoclasm_vaults_twist,
          layout_vaults_chaotic_city
Vaults:2: v_rooms_6, vaults_room_grid, nicolae_vaults_network_quinsquares
          [nicolae_vaults_network_quincunx_subvault,
          nicolae_vaults_network_quincunx_subvault,
          nicolae_vaults_network_quincunx_subvault,
          nicolae_vaults_network_quincunx_subvault], hangedman_vaults_stream,
          ontoclasm_vaults_ring_small, ontoclasm_vaults_ring_small,
          grunt_vaults_hallway_short, v_misc_24, v_misc_25,
          minmay_crypt_entry_nasty_monster, st_cross, v_misc_10,
          layout_vaults_big_cross, uniq_jory
Vaults:3: v_pattern_2, dpeg_vaults_monster_row, grunt_vaults_funnel,
          vaults_room_pool, layout_vaults_quadrants, serial_glass,
          uniq_saint_roka
Vaults:4: nicolae_vaults_little_squares_1, vaults_dpeg_spiral,
          nicolae_vaults_disjoint_gnomons, vaults_dpeg_ring, vaults_room_pool,
          v_pattern_4, v_alt_pattern_4, vaults_mumra_minichess_inversion,
          vaults_room_grunt_arrival_checkpoint, v_misc_32,
          vaults_room_door_ring, ontoclasm_vaults_decontamination,
          layout_vaults_omnibox
Vaults:5
Depths:1: minmay_stepped, layout_honeycomb, grunt_decor_resistance,
          serial_shops, nicolae_shop_statue_plus,
          nicolae_hell_entry_hellmouth_sunbeams, abyss_entry,
          yredelemnul_altar_generic, uniq_enchantress
Depths:2: nicolae_cairo_tiling, layout_gridlike, abyss_entry,
          rand_demon_pan_entry_1, hell_entry, chequers_serial_rivers_small_3,
          uniq_grunn
Depths:3: kennysheep_water_balloons, layout_small_grid, enter_ziggurat_c,
          mu_enter_wizlab_3, hellmouth_3, nicolae_trove_entry_free_sample,
          hangedman_ru_absence, abyss_entry, uniq_margery
Depths:4: grunt_zot_entry_pinwheel, layout_cave_pools, abyss_entry,
          serial_shops, bzr_entry_road, shop, shop_fountains, shop_fountains,
          pan_entry, hell_entry, dk_noncrumbling_4
Hell
Zot:1:    hangedman_zot_vaults_quadrants, layout_onion
Zot:2:    layout_twisted_circle, bh_zot_ikea_curve, st_stairs_2
Zot:3:    layout_cathedral_of_symmetry, st_single_dragon_hoard_3, st_stairs_2,
          nicolae_diode_quadrants
Zot:4:    layout_misc_corridors, lemuel_elevator, grunt_megastairs_1
Zot:5:    layout_twisted_circle, basic_altar

Skill      XL: |  1  2  3  4  5  6  7  8  9 10 11 12 13 14 15 16 17 18 19 20 21 22 23 24 25 26 27 |
---------------+----------------------------------------------------------------------------------+-----
Stealth        | 2 3 4 8 9 |  9.6
Fighting       | 1 2 3 4 5 8 10 11 13 14 15 16 17 | 17.1
Spellcasting   | 3 4 5 6 8 9 10 11 12 13 14 16 | 16.3
Shields        | 1 3 4 7 11 13 | 13.7
Dodging        | 3 7 10 12 13 14 16 17 18 19 21 24 27 | 27.0
Armour         | 6 10 14 16 17 18 19 20 23 | 23.7
Evocations     | 5 8 10 | 10.0

Action                     |  1- 3 |  4- 6 |  7- 9 | 10-12 | 13-15 | 16-18 | 19-21 | 22-24 | 25-27 || total
---------------------------+-------+-------+-------+-------+-------+-------+-------+-------+-------++-------
  Melee: Unarmed           |       |     1 |       |       |       |       |       |       |       ||     1
         Staff             |       |       |       |       |    14 |     6 |     8 |    13 |     2 ||    43
   Cast: Foxfire           |    41 |    23 |    79 |    24 |     5 |       |       |       |     1 ||   173
         Scorch            |    18 |    44 |    72 |   123 |    42 |       |       |       |       ||   299
         Kindle Blastspark |       |     2 |       |       |       |       |       |       |       ||     2
         Searing Ray       |       |    15 |    14 |     6 |     2 |       |       |       |       ||    37
         Inner Flame       |       |       |    18 |    89 |    29 |       |       |       |       ||   136
         Iskenderun's Myst |       |       |     3 |    66 |    45 |       |       |       |       ||   114
         Flame Wave        |       |       |     1 |     4 |       |       |       |       |       ||     5
         Arcjolt           |       |       |       |       |   217 |   104 |    73 |   126 |    29 ||   549
         Iron Shot         |       |       |       |       |    59 |   387 |   427 |   499 |   362 ||  1734
         Eringya's Noxious |       |       |       |       |       |    16 |     1 |     9 |     2 ||    28
         Ignition          |       |       |       |       |       |       |       |       |    48 ||    48
         Polar Vortex      |       |       |       |       |       |       |       |       |    16 ||    16
 Invoke: Curse Item        |       |       |     3 |     2 |     4 |     4 |     2 |     1 |       ||    16
         Shatter the Chain |       |       |       |       |     2 |     2 |     3 |       |       ||     7
  Evoke: Condenser vane    |       |       |       |       |       |       |     1 |       |       ||     1
         Wand              |       |       |       |       |       |       |       |     4 |       ||     4
    Use: Potion            |       |     1 |     1 |     3 |       |       |     2 |    14 |    19 ||    40
         Scroll            |       |       |     9 |     3 |     7 |     1 |     5 |     9 |     5 ||    39
   Stab: Distracted        |       |       |       |       |       |       |       |     1 |       ||     1
 Armour: Robe              |     3 |     1 |       |       |       |       |       |       |       ||     4
         Skin              |       |     1 |       |       |       |       |       |       |       ||     1
         Leather armour    |       |    11 |     5 |    11 |    36 |       |       |       |       ||    63
         Troll leather arm |       |       |       |       |     3 |    52 |    88 |    74 |    69 ||   286
  Dodge: Dodged            |     8 |    18 |    16 |    32 |   142 |   146 |   159 |   163 |   211 ||   895
  Block: Buckler           |       |       |     3 |    22 |    54 |    84 |    58 |       |       ||   221
         Reflection        |       |       |       |       |       |     4 |     8 |       |       ||    12
         Kite shield       |       |       |       |       |       |       |    84 |   280 |   213 ||   577

Table legend: (Time is in decaauts)
 A = Elapsed time spent in this place.
 B = Non-inter-level travel time spent in this place.
 C = Inter-level travel time spent in this place.
 D = Time resting spent in this place.
 E = Time spent auto-exploring this place.
 F = Levels seen in this place.
 G = Mean time per level.
                   A        B        C        D        E       F      G
               +--------+--------+--------+--------+--------+-----+--------+
         Total |  55986 |  51965 |   4021 |   2187 |  41004 |  60 |  933.1 |
       Dungeon |  18479 |  16525 |   1954 |    887 |  13561 |  15 | 1231.9 |
          Lair |   8646 |   7926 |    720 |    457 |   6413 |   5 | 1729.2 |
         Swamp |   2573 |   2482 |     91 |    124 |   1902 |   4 |  643.2 |
   Spider Nest |   5154 |   4908 |    246 |     31 |   4184 |   4 | 1288.5 |
    Slime Pits |    531 |    475 |     56 |     63 |    137 |   5 |  106.2 |
  Orcish Mines |   1677 |   1476 |    201 |     37 |   1160 |   2 |  838.5 |
   Elven Halls |   2553 |   2466 |     87 |    104 |   1816 |   3 |  851.0 |
        Vaults |   5618 |   5374 |    244 |     38 |   4246 |   5 | 1123.6 |
        Depths |   4362 |   4127 |    235 |    270 |   3106 |   4 | 1090.5 |
          Hell |     18 |     18 |      0 |      0 |      0 |   1 |   18.0 |
           Zot |   3990 |   3808 |    182 |     51 |   3033 |   5 |  798.0 |
         Abyss |    488 |    488 |      0 |      0 |    241 |   1 |  488.0 |
        Bazaar |     14 |     14 |      0 |      0 |      9 |   1 |   14.0 |
         Trove |     36 |     36 |      0 |      0 |      2 |   1 |   36.0 |
        Bailey |    837 |    837 |      0 |     68 |    609 |   1 |  837.0 |
      Ice Cave |    440 |    440 |      0 |      0 |    286 |   1 |  440.0 |
        Wizlab |    280 |    280 |      0 |      0 |    163 |   1 |  280.0 |
      Gauntlet |    280 |    280 |      0 |     57 |    136 |   1 |  280.0 |
               +--------+--------+--------+--------+--------+-----+--------+

Top non-repeatable levels by time:
  Lair:5: 2600 daAuts
    D:14: 1999 daAuts
    D:11: 1839 daAuts
  Lair:4: 1693 daAuts
     D:8: 1636 daAuts
  Lair:2: 1562 daAuts
  Lair:3: 1526 daAuts
Spider:1: 1517 daAuts
Vaults:1: 1473 daAuts
     D:6: 1436 daAuts
Spider:3: 1389 daAuts
    D:10: 1331 daAuts
Vaults:2: 1276 daAuts
  Lair:1: 1262 daAuts
Vaults:4: 1252 daAuts
